 Dungeon Crawl Stone Soup version 0.17-a0-1954-g0dddeaa (webtiles) character file.

9 HungrySpirit the Ruffian (level 2, -1/25 HPs)
             Began as a Naga Transmuter on Oct 3, 2015.
             Slain by a giant gecko (2 damage)
             ... on level 1 of the Dungeon.
             The game lasted 00:00:56 (468 turns).

HungrySpirit the Ruffian (Naga Transmuter)           Turns: 468, Time: 00:00:57

Health: -1/25      AC:  1    Str: 12    XL:     2   Next: 12%
Magic:  4/5        EV: 10    Int: 13    God:
Gold:   29         SH:  0    Dex: 11    Spells: 1 memorised, 4 levels left

rFire  . . .     SeeInvis +       - Unarmed
rCold  . . .     Clarity  .     b - +0 robe
rNeg   . . .     SustAt   .     (no shield)
rPois  +         Gourm    .     (no helmet)
rElec  .         Spirit   .     (no cloak)
rCorr  .         Warding  .     (no gloves)
rMut   .         Stasis   .     (no barding)
MR     .....                    (no amulet)
Stlth  ++........               (no ring)
                                (no ring)

@: appendage (expiring), very slow, not resistant to hostile enchantments,
unstealthy
A: horns 2, see invisible, deformed body, poison resistance, slowness 2, slow
metabolism 1, spit poison 2, AC +0
a: Spit Poison, End Transformation


You were on level 1 of the Dungeon.
You were not hungry.
You had grown temporary horns.
You visited 1 branch of the dungeon, and saw 1 of its levels.

You collected 29 gold pieces.

Inventory:

Missiles
 a - 12 arrows
Armour
 b - a +0 robe (worn)
Potions
 e - 2 potions of curing {unknown}
Books
 c - a book of Changes

   Spells                             Type                      Level
   a - Beastly Appendage              Transmutation                1
   b - Sticks to Snakes               Transmutation                2
   c - Spider Form                    Transmutation/Poison         3
   d - Ice Form                       Ice/Transmutation            4
   e - Blade Hands                    Transmutation                5
Comestibles
 d - a bread ration


   Skills:
 + Level 1.1 Fighting
 + Level 1.7 Dodging
 + Level 1.2 Stealth
 * Level 3.2 Unarmed Combat
 - Level 2.0 Spellcasting
 - Level 2.0 Transmutations


You had 4 spell levels left.
You knew the following spells:

 Your Spells              Type           Power        Failure   Level  Hunger
a - Beastly Appendage     Trmt           #.....       12%         1    ##.....


Dungeon Overview and Level Annotations

Branches:
Dungeon (1/15)

Altars:


Innate Abilities, Weirdness & Mutations

You cannot wear boots.
Your serpentine skin is tough (AC +0).
You have supernaturally acute eyesight.
Armour fits poorly on your strangely shaped body.
Your system is resistant to poisons.
You cover ground very slowly.
You have a slow metabolism.
You can spit poison.
You have a pair of horns on your head.


Message History

You closely miss the giant gecko. Your headbutt misses the giant gecko.
The giant gecko is moderately wounded.
The bat barely misses you. The giant gecko bites you.
* * * LOW HITPOINT WARNING * * *
You miss the giant gecko.
The giant gecko is moderately wounded.
The bat misses you. The giant gecko bites you.
* * * LOW HITPOINT WARNING * * *
You miss the giant gecko.
The giant gecko is moderately wounded.
The bat barely misses you. The bat hits you but does no damage.
The giant gecko bites you.
* * * LOW HITPOINT WARNING * * *
You hit the giant gecko but do no damage.
The giant gecko is moderately wounded.
Your transformation is almost over.
The bat hits you.
* * * LOW HITPOINT WARNING * * *
The bat hits you but does no damage. The giant gecko bites you.
You die...

##....... #.#.######
####.... #........##
#.... #.........# #....
#....?....## #....
..#.....#..## ####....
.###...###..#####.......
..#.....#.$..)..........
#....b?@..######.....#.[
##.#####l....!##.....###
#..............#
..l.#..######....#
##...###.# #....#
#..#..#..# #....#
........## #....#
#########


You could see a giant gecko and a bat.

Vanquished Creatures
  3 giant cockroaches (D:1)
  3 goblins (D:1)
  A bat (D:1)
  A kobold (D:1)
8 creatures vanquished.

Notes
Turn   | Place    | Note
--------------------------------------------------------------
     0 | D:1      | HungrySpirit the Naga Transmuter began the quest for the Orb.
     0 | D:1      | Reached XP level 1. HP: 18/18 MP: 3/3
   158 | D:1      | Reached skill level 1 in Stealth
   175 | D:1      | Reached XP level 2. HP: 6/25 MP: 3/5
   468 | D:1      | HP: 1/25 [bat (1)]
   468 | D:1      | Slain by a giant gecko

Vault maps used:
D:1:      dpeg_arrival_renting, serial_glass, glass_columns_a, glass_columns_c,
          feat_on_display, minmay_strange_pillars, minmay_strange_pillars,
          minmay_strange_pillars

Action                   || total
-------------------------++-------
Melee: Unarmed           ||    47
 Cast: Beastly Appendage ||     3
